 Dungeon Crawl Stone Soup version 0.25-a0-566-g062765be81 (webtiles) character file.

Game seed: 13640713428306509443, levelgen mode: deterministic

363466 Flugslaktarn the Executioner (level 21, -19/202 HPs)
             Began as a Deep Dwarf Fighter on Feb 28, 2020.
             Was the Champion of Makhleb.
             Hit by a large rock thrown by a stone giant (24 damage)
             ... while paralysed by a floating eye
             ... on level 3 of the Depths.
             The game lasted 00:23:07 (21939 turns).

Flugslaktarn the Executioner (Deep Dwarf Fighter)  Turns: 21939, Time: 00:23:07

Health: -19/202    AC: 15    Str: 36    XL:     21   Next: 19%
Magic:  15/15 (6)  EV:  2    Int:  6    God:    Makhleb [******]
Gold:   2427       SH:  0    Dex: 14    Spells: 20/20 levels left

rFire    + . .     SeeInvis .   a - +8 broad axe
rCold    . . .     Gourm    .   j - +10 tower shield of Ignorance {rN+ Int-4}
rNeg     + + +     Faith    +   T - +6 scale mail "Teunixat" {MP+9}
rPois    .         Spirit   .   D - +2 helmet
rElec    +         Reflect  .   J - +1 cloak
rCorr    .         Harm     .   I - +2 pair of gloves "Ole Labbuygh" {rElec rF- Dex+2}
MR       ++++.                  V - +2 pair of boots {Fly}
Stlth    ..........             x - amulet of faith
HPRegen  0.00/turn              S - ring of Dawn {Wiz rF+ rN+ Str+5}
MPRegen  0.14/turn              f - ring of protection from fire

@: paralysed, corroded, flying, non-regenerating, studying Dodging
A: damage resistance, heal wounds, clever 1, magic resistance 1, negative energy
resistance 1, sense surroundings 3, no regeneration
}: 3/15 runes: barnacled, silver, gossamer
a: Heal Wounds, Minor Destruction, Lesser Servant of Makhleb, Major Destruction,
Greater Servant of Makhleb, Renounce Religion, Stop Flying


You were on level 3 of the Depths.
You worshipped Makhleb.
Makhleb was exalted by your worship.
You were hungry.

You visited 8 branches of the dungeon, and saw 39 of its levels.
You also visited: Sewer, Ossuary, Gauntlet and Ice Cave.

You collected 2427 gold pieces.

Inventory:

Hand Weapons
 a - a +8 broad axe (weapon)
   (You took it off a death knight on level 14 of the Dungeon)
 C - a +1 war axe of electrocution
   (You took it off a minotaur in a Gauntlet)
 K - the +6 hand axe of Conversion {flame, rPois rN+ MR+ Int+4}
   (You found it on level 6 of the Dungeon)

   It has been specially enchanted to burn those struck by it, causing extra
   injury to most foes and up to half again as much damage against particularly
   susceptible opponents.
   Big, fiery blades are also staple armaments of hydra-hunters.
   It affects your intelligence (+4).
   It protects you from poison.
   It protects you from negative energy.
   It affects your resistance to hostile enchantments.
Armour
 j - the +10 tower shield of Ignorance (worn) {rN+ Int-4}
   (You found it on level 3 of the Shoals)

   It affects your intelligence (-4).
   It protects you from negative energy.
 B - a +0 plate armour
   (You took it off an orc warrior on level 9 of the Dungeon)
 D - a +2 helmet (worn)
   (You found it on level 6 of the Dungeon)
 I - the +2 pair of gloves "Ole Labbuygh" (worn) {rElec rF- Dex+2}
   (You found it on level 6 of the Lair of Beasts)

   It affects your dexterity (+2).
   It makes you vulnerable to fire.
   It insulates you from electricity.
   If you remove this armour, your AC will decrease by 4 (15 -> 11).
 J - a +1 cloak (worn)
   (You found it on level 6 of the Dungeon)
 T - the +6 scale mail "Teunixat" (worn) {MP+9}
   (You took it off a minotaur in a Gauntlet)

   It affects your magic capacity (+9).
   If you remove this armour, your AC will decrease by 16 (15 -> -1).
 U - the +4 kite shield of the Stallion {rF++}
   (You found it in a Gauntlet)

   It greatly protects you from fire.
 V - a +2 pair of boots of flying (worn)
   (You found it in a Gauntlet)
Jewellery
 f - a ring of protection from fire (right hand)
   (You found it on level 10 of the Dungeon)
 i - an uncursed ring of see invisible
   (You found it on level 5 of the Dungeon)
 x - an amulet of faith (around neck)
   (You found it on level 2 of the Dungeon)
 M - the ring "Ihauxef" {rPois MR+ Str-3 Int+8 SInv}
   (You found it in a Gauntlet)

   [ring of poison resistance]

   It affects your strength (-3).
   It affects your intelligence (+8).
   It protects you from poison.
   It affects your resistance to hostile enchantments.
   It lets you see invisible.
 N - the ring "Xonarixt" {Fire Slay+2}
   (You found it on level 1 of the Lair of Beasts)

   [ring of fire]

   It enhances your fire magic.
   It affects your accuracy and damage with ranged weapons and melee attacks
   (+2).
   It protects you from fire.
   It makes you vulnerable to cold.
 S - the ring of Dawn (left hand) {Wiz rF+ rN+ Str+5}
   (You found it in a Gauntlet)

   [ring of wizardry]

   It improves your spell success rate.
   It affects your strength (+5).
   It protects you from fire.
   It protects you from negative energy.
Wands
 v - a wand of digging (10)
   (You found it on level 3 of the Spider Nest)
 F - a wand of iceblast (5)
   (You took it off Erolcha on level 9 of the Dungeon)
 O - a wand of paralysis (19)
   (You found it on level 2 of the Lair of Beasts)
 P - a wand of enslavement (42)
   (You found it on level 7 of the Dungeon)
 Q - a wand of clouds (5)
   (You found it on level 1 of the Lair of Beasts)
 R - a wand of scattershot (2)
   (You found it on level 3 of the Depths)
 W - a wand of acid (13)
   (You found it on level 3 of the Lair of Beasts)
Scrolls
 k - 11 scrolls of remove curse
 m - a scroll of fog
 p - a scroll of summoning
 r - 2 scrolls of identify
 s - a scroll of holy word
 t - 18 scrolls of teleportation
 u - 2 scrolls of silence
 z - 2 scrolls of blinking
 A - 2 scrolls of fear
 G - 9 scrolls of immolation
 L - 2 scrolls of magic mapping
 Z - 4 scrolls of vulnerability
Potions
 c - a potion of invisibility
 d - 11 potions of might
 g - a potion of cancellation
 h - 8 potions of haste
 l - 3 potions of stabbing
 n - 3 potions of mutation
 q - 8 potions of curing
 w - 4 potions of heal wounds
 y - 3 potions of ambrosia
 E - 4 potions of lignification
 H - 5 potions of berserk rage
 Y - 2 potions of resistance
Books
 b - a manual of Dodging
   (You acquired it on level 6 of the Dungeon)
Miscellaneous
 X - a lamp of fire
   (You found it in a Gauntlet)
Comestibles
 e - 65 rations


   Skills:
 + Level 15.6 Fighting
 * Level 23.7 Axes
 + Level 18.1 Armour
 - Level 14.0 Dodging
 - Level 15.0 Shields
 - Level 15.0 Invocations


You had 20 spell levels left.
You didn't know any spells.
Your spell library was empty.

Dungeon Overview and Level Annotations

Branches:
Dungeon (15/15)            Temple (1/1) D:6            Lair (6/6) D:11
 Shoals (4/4) Lair:2       Spider (4/4) Lair:4        Slime (1/5) Lair:6
    Orc (0/2) D:9          Vaults (5/5) D:13         Depths (3/5) D:15
  Sewer (visited)         Ossuary (visited)           IceCv (visited)
Gauntlet (visited)
  Crypt: Vaults:2-3

Altars:
Ashenzari
Elyvilon
Fedhas
Gozag
Hepliaklqana
Kikubaaqudgha
Makhleb
Nemelex Xobeh
Okawaru
Sif Muna
Trog
Uskayaw
Vehumet
Wu Jian
Xom
Yredelemnul
Zin
The Shining One

Shops:
D:6 %   D:13 [

Portals:
Hell: Depths:3
Abyss: Depths:3*
Pandemonium: Depths:3

Annotations:
D:9 exclusion: obsidian statue
D:14 Roxanne
Lair:5 exclusion: 2 oklob plants
Depths:1 1 runed translucent door
Depths:3 2 transporters, Fiahyu Evua's ghost, veteran MiBe


Innate Abilities, Weirdness & Mutations

You are resistant to damage.
You can heal yourself by infusing magical energy.
You resist negative energy. (rN+)
You passively map a large area around you.
You do not regenerate.
Your mind is acute. (Int +2)
You are resistant to hostile enchantments. (MR+)


Message History

The caustic shrike claws you but does no damage.
The caustic shrike claws you.
You are splashed with acid!
The stone giant throws a large rock.
The large rock hits you!!
* * * LOW HITPOINT WARNING * * *
The deep troll bites you.
* * * LOW HITPOINT WARNING * * *
The deep troll claws you.
* * * LOW HITPOINT WARNING * * *
The deep troll claws you.
* * * LOW HITPOINT WARNING * * *
The caustic shrike claws you!
* * * LOW HITPOINT WARNING * * *
You are splashed with acid!
* * * LOW HITPOINT WARNING * * *
The caustic shrike claws you!
* * * LOW HITPOINT WARNING * * *
You are splashed with acid!
* * * LOW HITPOINT WARNING * * *
The stone giant throws a large rock.
The large rock hits you!!
You die...

................###..............
'####..........## ###....§.......
#........#.# ####.§.........∩
#........### #....≈≈≈§≈...... ,
##........######.≈≈§≈§≈....##. §G
.'......####.....≈≈≈§§......##
....'..........)........>......##
#..####.......T.≈≈......≈.......
,#..#/.#.......b@.≈.....§.§..#.##
#...†/#.....G.(.≈≈≈....§....#.#G
##......†.........≈§....#......##
......G'.....C..........#.......#
.......')[............[.####...##
......##......................##i
..................###...).##..#W.
.....(.#.........##.##.....#..##.
..''..##....#....#...#.....#...#


You could see a caustic shrike, a stone giant, a deep troll and a floating eye.

Vanquished Creatures
  3 ancient liches (Vaults:5)
  A caustic shrike (Depths:3)
  Nikola (Shoals:1)
  2 golden dragons (Vaults:5)
  5 tentacled monstrosities (Vaults:5)
  Rupert (Lair:6)
  2 liches
  3 titans (Vaults:5)
  2 krakens
  Polyphemus (Shoals:3)
  A quicksilver dragon (Vaults:5)
  3 sphinxes (Vaults:5)
  A storm dragon (Vaults:5)
  2 shadow dragons (Vaults:5)
  3 tengu reavers
  6 fire giants
  Ilsuiw (Shoals:3)
  3 emperor scorpions
  A deep elf sorcerer (Vaults:5)
  An iron dragon (Vaults:5)
  5 frost giants
  13 vault wardens
  Aizul (Spider:2)
  A ghost moth (Spider:4)
  The ghost of Jotan the Severer, a journeyman HOFi of Makhleb (Lair:6)
  3 spriggan defenders (Depths:3)
  7 ironheart preservers
  A deep elf elementalist (Vaults:5)
  The ghost of Killmatronix the Warrior, a journeyman OpHu of Okawaru (Lair:6)
  22 very ugly things
  9 stone giants
  A juggernaut skeleton (Depths:3)
  A war gargoyle (Vaults:5)
  2 deep elf demonologists (Vaults:5)
  Azrael (Spider:3)
  A deep elf annihilator (Vaults:5)
  2 spark wasps
  A minotaur (Gauntlet)
  5 ettins
  5 merfolk javelineers
  9 yaktaur captains
  6 merfolk impalers
  A green death (Depths:3)
  2 fire dragons (Depths:3)
  3 deep elf high priests (Vaults:5)
  3 great orbs of eyes
  26 vault guards
  2 rakshasas
  5 ice dragons
  Erolcha (D:9)
  4 small abominations (Vaults:5)
  The ghost of EtherCrawl the Spear-Bearer, a journeyman MfBe of Trog (Lair:1)
  Erica (D:9)
  7 hydras
  A catoblepas (Shoals:3)
  5 ogre magi
  4 merfolk avatars
  2 alligator snapping turtles (Shoals:4)
  16 two-headed ogres
  A dancing weapon (Vaults:5)
  A tengu warrior (Depths:2)
  3 merfolk aquamancers (Shoals:4)
  3 centaur warriors
  A death knight (D:14)
  4 death yaks (Shoals:3)
  3 deep troll shamans
  2 death scarabs (Gauntlet)
  4 deep troll earth magi
  A vampire mage (Depths:1)
  Urug (D:10)
  A spriggan berserker (Depths:3)
  3 deep elf knights
  2 spriggans (Depths:3)
  A hell knight (Vaults:4)
  6 skeletal warriors
  2 glowing orange brains
  A shadow wraith (Vaults:2)
  2 wizards
  An unseen horror (D:15)
  3 phantasmal warriors
  8 sea snakes (Shoals:4)
  A flayed ghost (Vaults:4)
  4 deep elf archers
  A wolf spider zombie (D:14)
  10 deep trolls
  Pikel (D:6)
  11 orc knights
  14 ironbrand convokers
  11 harpies
  5 orb spiders
  An orc sorcerer (Vaults:4)
  A necromancer (Depths:3)
  7 deep elf magi
  33 ugly things
  19 wolf spiders
  5 cyclopes
  An iron dragon skeleton (Depths:3)
  4 moths of wrath
  A worldbinder (Gauntlet)
  9 manticores
  An elf zombie (Depths:3)
  4 elephants (Lair:6)
  Joseph (D:10)
  An elephant (shapeshifter) (D:10)
  4 merfolk sirens
  3 black mambas
  7 water nymphs
  A centaur zombie (D:15)
  8 vault sentinels
  A torpor snail (Spider:2)
  An eye of devastation (shapeshifter) (Vaults:5)
  12 spiny frogs
  A spriggan skeleton (Depths:3)
  2 gargoyles
  26 yaktaurs
  9 demonic crawlers
  8 rime drakes
  An ice devil (Depths:3)
  A hellwing (Depths:3)
  6 komodo dragons
  4 freezing wraiths
  A troll (D:15)
  A tengu conjurer (Depths:2)
  2 red devils (Depths:3)
  31 jumping spiders
  10 polar bears
  A queen bee (shapeshifter) (Depths:3)
  2 wind drakes (Shoals:4)
  7 hornets
  18 merfolk
  13 blink frogs
  Prince Ribbit (D:6)
  14 slime creatures
  A spectral dream sheep (Gauntlet)
  8 hippogriffs
  2 raiju (Lair:6)
  4 snapping turtles
  18 dream sheep
  A spectral black mamba (Gauntlet)
  A raiju (shapeshifter) (Vaults:5)
  A centaur simulacrum (D:15)
  21 tarantellas
  A shadow (D:14)
  63 redbacks
  A spriggan (shapeshifter) (D:14)
  5 water elementals
  2 wyverns
  4 fire elementals (Spider:3)
  25 yaks
  3 wraiths
  2 humans (shapeshifter)
  2 basilisks
  3 hungry ghosts
  2 spectral spiny frogs (Gauntlet)
  8 wargs
  Edmund (D:6)
  3 swamp worms (Gauntlet)
  A water moccasin (shapeshifter) (Vaults:4)
  2 acid dragons
  15 hell hounds
  11 porcupines
  8 water moccasins
  Purgy (Sewer)
  2 floating eyes (shapeshifter)
  2 sky beasts
  A black bear (shapeshifter) (Vaults:1)
  13 black bears
  A hornet zombie (D:9)
  An ice beast (D:5)
  14 orc warriors
  2 slaves (D:6)
  19 ogres
  A phantom (D:5)
  10 boggarts
  A black mamba simulacrum (Lair:1)
  21 wolves
  An eye of draining (D:14)
  14 centaurs
  12 crocodiles
  A big kobold (D:9)
  15 bullfrogs
  A glowing shapeshifter simulacrum (Depths:3)
  A spiny frog simulacrum (Lair:1)
  A wyvern skeleton (D:7)
  3 killer bees (D:8)
  6 scorpions
  12 wights
  7 howler monkeys
  2 electric eels (Spider:3)
  3 crimson imps
  A hippogriff simulacrum (Lair:1)
  A quasit (D:13)
  A bullfrog zombie (D:12)
  A fire crab simulacrum (Lair:1)
  4 hounds
  A human zombie (D:4)
  4 centaur skeletons
  7 orc priests
  9 jellies
  9 orc wizards
  2 bullfrog skeletons
  5 iguanas
  2 human skeletons (D:4)
  4 worker ants
  A hound zombie (D:10)
  A mummy (Ossuary)
  2 porcupine simulacra (Lair:1)
  A howler monkey zombie (D:3)
  A howler monkey skeleton (D:4)
  14 adders
  A shadow imp (D:9)
  9 oozes
  3 adder zombies
  2 adder skeletons (D:9)
  A worm (D:3)
  5 dart slugs
  8 leopard geckos
  42 orcs
  3 ball pythons
  5 bats
  7 giant cockroaches
  4 hobgoblins
  8 jackals
  6 quokkas
  6 frilled lizards
  6 gnoll skeletons (Ossuary)
  8 goblins
  2 jackal zombies
  16 kobolds
  6 kobold skeletons (Ossuary)
  A leopard gecko skeleton (D:6)
  16 orc skeletons
  2 quokka skeletons (D:6)
  8 rats
  A rat (shapeshifter) (Vaults:5)
  8 crawling corpses (Vaults:5)
  2 fungi (Lair:6)
  4 plants
  3 tentacles
1272 creatures vanquished.

Vanquished Creatures (collateral kills)
  Mennas (Vaults:4)
  Arachne (Spider:4)
  A sphinx (Depths:3)
  A ghost moth (Spider:4)
  An entropy weaver (Spider:4)
  An ettin (Vaults:4)
  3 orb spiders (Spider:4)
  A torpor snail (Spider:4)
  A jumping spider (Spider:4)
  A hornet (Spider:4)
  2 slime creatures (Lair:6)
  5 tarantellas (Spider:4)
  2 redbacks (Spider:4)
21 creatures vanquished.

Vanquished Creatures (others)
  A deep elf knight (D:10)
  2 sea snakes (Shoals:1)
  An orb spider (Spider:4)
  A merfolk siren (Shoals:1)
  An elephant (Lair:6)
  A spiny frog (Lair:6)
  A water nymph (Shoals:1)
  A merfolk (Shoals:3)
  2 snapping turtles (Shoals:1)
  3 yaks (Lair:6)
  A water moccasin (Lair:6)
  An orc warrior (Vaults:1)
  An ogre (Depths:1)
  An orc wizard (Vaults:1)
  A worker ant (D:6)
  2 fungi
  12 plants
  10 tentacles
  7 withered plants
50 creatures vanquished.

Grand Total: 1343 creatures vanquished

Notes
Turn   | Place    | Note
-------+----------+-------------------------------------------
     0 | D:1      | Flugslaktarn the Deep Dwarf Fighter began the quest for the
                  | Orb.
     0 | D:1      | Reached XP level 1. HP: 20/20 MP: 1/1
    47 | D:1      | Reached XP level 2. HP: 25/27 MP: 2/2
   172 | D:2      | Reached skill level 3 in Axes
   172 | D:2      | Reached XP level 3. HP: 16/33 MP: 3/3
   298 | D:4      | Reached XP level 4. HP: 24/42 MP: 4/4
   316 | D:4      | Found a sand-covered staircase.
   331 | Ossuary  | Entered an ossuary
   331 | Ossuary  | Noticed a wraith
   331 | Ossuary  | Noticed a wraith
   331 | Ossuary  | Noticed a wraith
   378 | Ossuary  | Noticed a wraith
   399 | Ossuary  | Killed a wraith
   399 | Ossuary  | Reached skill level 4 in Axes
   399 | Ossuary  | Reached XP level 5. HP: 13/49 MP: 5/5
   399 | Ossuary  | Reached XP level 6. HP: 14/56 MP: 6/6
   601 | D:4      | Reached skill level 5 in Axes
   986 | D:5      | Entered Level 5 of the Dungeon
  1053 | D:5      | Reached XP level 7. HP: 46/64 MP: 6/6
  1223 | D:5      | Reached skill level 5 in Armour
  1223 | D:5      | Reached skill level 5 in Shields
  1239 | D:5      | Reached skill level 6 in Axes
  1246 | D:5      | Found a bloodstained altar of Trog.
  1470 | D:5      | Found an iron altar of Okawaru.
  1478 | D:5      | Found a white marble altar of Elyvilon.
  1479 | D:5      | Found a hazy altar of Hepliaklqana.
  1612 | D:5      | Reached XP level 8. HP: 48/73 MP: 4/4
  1614 | D:5      | Found a glowing drain.
  1619 | Sewer    | Entered a sewer
  1656 | Sewer    | Noticed Purgy
  1686 | Sewer    | Killed Purgy
  1686 | Sewer    | Reached skill level 7 in Axes
  1881 | D:6      | Found Riosergh's Food Emporium.
  1909 | D:6      | Noticed Edmund
  1919 | D:6      | Noticed Pikel
  1926 | D:6      | Killed Edmund
  1926 | D:6      | Reached skill level 5 in Fighting
  1961 | D:6      | Killed Pikel
  1961 | D:6      | Reached skill level 8 in Axes
  1961 | D:6      | Gained mutation: You passively map the area around you.
                  | [Deep Dwarf growth]
  1961 | D:6      | Reached XP level 9. HP: 48/81 MP: 3/3
  2056 | D:6      | Noticed Prince Ribbit
  2074 | D:6      | Killed Prince Ribbit
  2095 | D:6      | Found a blossoming altar of Fedhas.
  2243 | D:6      | Got a crude hand axe
  2244 | D:6      | Identified the +6 hand axe of Conversion {flame, rPois rN+
                  | MR+ Int+4} (You found it on level 6 of the Dungeon)
  2273 | D:6      | Found a staircase to the Ecumenical Temple.
  2557 | D:6      | Gained mutation: Your mind is acute. (Int +2) [potion of
                  | mutation]
  2557 | D:6      | Gained mutation: You are resistant to hostile enchantments.
                  | (MR+) [potion of mutation]
  2572 | D:6      | Identified a scroll of acquirement
  2572 | D:6      | Identified the +1 buckler of the Pit {Dex+4} (You acquired
                  | it on level 6 of the Dungeon)
  2601 | D:7      | Reached skill level 9 in Axes
  2601 | D:7      | Reached skill level 1 in Dodging
  2937 | D:8      | Found a radiant altar of Vehumet.
  3071 | D:8      | Found a shimmering altar of Xom.
  3071 | D:8      | Found a shimmering altar of Xom.
  3192 | D:8      | Found a shimmering altar of Xom.
  3194 | D:8      | Found a shimmering altar of Xom.
  3500 | D:9      | Noticed a two-headed ogre
  3519 | D:9      | Killed a two-headed ogre
  3519 | D:9      | Reached skill level 10 in Axes
  3519 | D:9      | Reached XP level 10. HP: 70/92 MP: 2/2
  3626 | D:9      | Found a staircase to the Orcish Mines.
  3694 | D:9      | Noticed Erica
  3709 | D:9      | Killed Erica
  3709 | D:9      | Reached skill level 5 in Dodging
  3769 | D:9      | Noticed an obsidian statue
  3908 | D:9      | Identified the Collected Works on the Assistive Mountains
  4361 | D:9      | Noticed Erolcha
  4379 | D:9      | Killed Erolcha
  4379 | D:9      | Reached skill level 11 in Axes
  4400 | D:9      | Found a sparkling altar of Nemelex Xobeh.
  4416 | D:9      | Found an ancient bone altar of Kikubaaqudgha.
  4452 | D:10     | Entered Level 10 of the Dungeon
  4516 | D:10     | Noticed a wizard
  4517 | D:10     | Noticed a +7 demon blade
  4517 | D:10     | Noticed a deep elf knight
  4517 | D:10     | Noticed a deep elf knight
  4518 | D:10     | Noticed Urug
  4528 | D:10     | Noticed Joseph
  4539 | D:10     | Killed a deep elf knight
  4548 | D:10     | Killed a deep elf knight
  4573 | D:10     | Killed Urug
  4573 | D:10     | Reached XP level 11. HP: 77/100 MP: 1/1
  4595 | D:10     | Killed a wizard
  4602 | D:10     | Killed Joseph
  4708 | Temple   | Entered the Ecumenical Temple
  4800 | Temple   | Became a worshipper of Makhleb the Destroyer
  4998 | D:10     | Noticed a two-headed ogre
  5022 | D:10     | Killed a two-headed ogre
  5022 | D:10     | Reached skill level 1 in Invocations
  5049 | D:10     | Noticed a two-headed ogre
  5049 | D:10     | Noticed a centaur warrior
  5432 | D:3      | Reached skill level 12 in Axes
  5890 | D:3      | Reached * piety under Makhleb
  5924 | D:3      | Found a glowing silver altar of Zin.
  6169 | D:2      | Found a shattered altar of Ashenzari.
  6405 | D:2      | Found a shimmering blue altar of Sif Muna.
  7085 | D:11     | Found a staircase to the Lair.
  7156 | Lair:1   | Entered Level 1 of the Lair of Beasts
  7169 | Lair:1   | Found a frozen archway.
  7176 | Lair:1   | Reached ** piety under Makhleb
  7181 | IceCv    | Entered an ice cave
  7213 | Lair:1   | Noticed a six-headed hydra
  7226 | Lair:1   | Killed a one-headed hydra
  7508 | Lair:1   | Noticed EtherCrawl's ghost (journeyman MfBe)
  7587 | Lair:1   | Reached XP level 12. HP: 102/110 MP: 3/3
  7613 | Lair:1   | Found a runed translucent gate.
  7613 | Lair:1   | Found a runed translucent gate.
  7617 | Lair:1   | Found a runed translucent gate.
  8289 | Lair:1   | Killed EtherCrawl's ghost
  8296 | Lair:1   | Reached *** piety under Makhleb
  8304 | Lair:1   | Got the ring "Xonarixt" {Fire}
  8315 | Lair:1   | Identified the ring "Xonarixt" {Fire Slay+2} (You found it
                  | on level 1 of the Lair of Beasts)
  8369 | Lair:2   | Found a staircase to the Shoals.
  8412 | Lair:2   | Reached skill level 5 in Invocations
  8433 | Lair:2   | Noticed a four-headed hydra
  8437 | Lair:2   | Found a gate leading to a gauntlet.
  8443 | Lair:2   | Killed a one-headed hydra
  8443 | Lair:2   | Reached skill level 13 in Axes
  8453 | Gauntlet | Entered a Gauntlet
  8453 | Gauntlet | Found a transporter.
  8461 | Gauntlet | Found a transporter.
  8462 | Gauntlet | Found a transporter.
  8471 | Gauntlet | Found a transporter.
  8473 | Gauntlet | Found a transporter.
  8485 | Gauntlet | Found a transporter.
  8500 | Gauntlet | Found a transporter.
  8510 | Gauntlet | Found a transporter.
  8519 | Gauntlet | Found a runed translucent door.
  8520 | Gauntlet | Found a transporter.
  8522 | Gauntlet | Found a runed translucent door.
  8535 | Gauntlet | Found a transporter.
  8550 | Gauntlet | Found a transporter.
  8551 | Gauntlet | Found a transporter.
  8597 | Gauntlet | Found a transporter.
  8609 | Gauntlet | Noticed a death scarab
  8609 | Gauntlet | Noticed a death scarab
  8612 | Gauntlet | Found a transporter.
  8706 | Gauntlet | Reached skill level 10 in Armour
  8706 | Gauntlet | Reached skill level 10 in Dodging
  8741 | Gauntlet | Reached skill level 10 in Shields
  8748 | Gauntlet | Got a transparent marble ring
  8800 | Gauntlet | Killed a death scarab
  8802 | Gauntlet | Killed a death scarab
  8809 | Gauntlet | Got a wavering golden ring
  8832 | Gauntlet | Identified the +6 scale mail "Teunixat" {MP+9}
  8832 | Gauntlet | Noticed a minotaur
  8856 | Gauntlet | Killed a minotaur
  8867 | Gauntlet | Got a faintly humming kite shield
  8912 | Lair:2   | Identified the +4 kite shield of the Stallion {rF++} (You
                  | found it in a Gauntlet)
  9588 | Lair:3   | Reached **** piety under Makhleb
  9853 | Lair:3   | Reached XP level 13. HP: 107/121 MP: 6/6
 10158 | Lair:4   | Reached skill level 14 in Axes
 10347 | Lair:4   | Reached ***** piety under Makhleb
 10503 | Lair:4   | Found a hole to the Spider Nest.
 11656 | Lair:6   | Entered Level 6 of the Lair of Beasts
 11705 | Lair:6   | Found a staircase to the Slime Pits.
 11811 | Lair:6   | Noticed Rupert
 11831 | Lair:6   | Killed Rupert
 11859 | Lair:6   | Found a runed translucent gate.
 11859 | Lair:6   | Found a runed translucent gate.
 11859 | Lair:6   | Found a runed translucent gate.
 11877 | Lair:6   | Noticed Killmatronix's ghost (journeyman OpHu)
 11877 | Lair:6   | Noticed Jotan's ghost (journeyman HOFi)
 12061 | Lair:6   | Reached skill level 15 in Axes
 12195 | Lair:6   | Reached ****** piety under Makhleb
 12226 | Lair:6   | Gained mutation: You resist negative energy. (rN+) [Deep
                  | Dwarf growth]
 12226 | Lair:6   | Reached XP level 14. HP: 130/130 MP: 8/8
 12778 | Lair:6   | Killed Killmatronix's ghost
 12805 | Lair:6   | Killed Jotan's ghost
 12805 | Lair:6   | Reached skill level 10 in Fighting
 12811 | Lair:6   | Identified the ring "Ihauxef" {rPois MR+ Str-3 Int+8 SInv}
                  | (You found it in a Gauntlet)
 12812 | Lair:6   | Identified the ring of Dawn {Wiz rF+ rN+ Str+5} (You found
                  | it in a Gauntlet)
 12813 | Lair:6   | Identified the +2 pair of gloves "Ole Labbuygh" {rElec rF-
                  | Dex+2} (You found it on level 6 of the Lair of Beasts)
 12908 | Spider:1 | Entered Level 1 of the Spider Nest
 13008 | Spider:2 | Noticed an emperor scorpion
 13106 | Spider:2 | Killed an emperor scorpion
 13176 | Spider:2 | Reached skill level 10 in Invocations
 13329 | Spider:2 | Noticed Aizul
 13334 | Spider:2 | Reached skill level 16 in Axes
 13362 | Spider:2 | Killed Aizul
 13428 | Spider:2 | Identified the +5 war axe "Grim Tooth" {freeze, Fragile rC-
                  | Dex+7} (You found it on level 2 of the Spider Nest)
 13573 | Spider:3 | Noticed an emperor scorpion
 13616 | Spider:3 | Killed an emperor scorpion
 13616 | Spider:3 | Reached XP level 15. HP: 120/140 MP: 9/9
 13948 | Spider:3 | Noticed Azrael
 13979 | Spider:3 | Killed Azrael
 14235 | Spider:4 | Entered Level 4 of the Spider Nest
 14495 | Spider:4 | Killed a ghost moth
 14518 | Spider:4 | Noticed Arachne
 14542 | Spider:4 | Killed a ghost moth
 14557 | Spider:4 | Killed Arachne
 14585 | Spider:4 | Got a gossamer rune of Zot
 14621 | Spider:4 | Reached skill level 17 in Axes
 14775 | Shoals:1 | Entered Level 1 of the Shoals
 14789 | Shoals:1 | Noticed Nikola
 14843 | Shoals:1 | Killed Nikola
 14903 | Shoals:3 | Found the +10 tower shield of Ignorance {rN+ Int-4}
 14922 | Shoals:3 | Noticed Ilsuiw
 14965 | Shoals:3 | Reached XP level 16. HP: 108/150 MP: 9/9
 15044 | Shoals:3 | Killed Ilsuiw
 15128 | Shoals:3 | Noticed Polyphemus
 15164 | Shoals:3 | Killed Polyphemus
 15371 | Shoals:3 | Noticed a kraken
 15388 | Shoals:3 | Killed a kraken
 15472 | Shoals:4 | Entered Level 4 of the Shoals
 15473 | Shoals:4 | Found a burning altar of Makhleb.
 16075 | Shoals:4 | Found an ornate altar of the Wu Jian Council.
 16130 | Shoals:4 | Reached skill level 18 in Axes
 16358 | Shoals:4 | Noticed a kraken
 16388 | Shoals:4 | Killed a kraken
 16406 | Shoals:4 | Got a barnacled rune of Zot
 16601 | Slime:1  | Entered Level 1 of the Pits of Slime
 16601 | Slime:1  | Noticed an acid blob
 16601 | Slime:1  | Noticed an acid blob
 17092 | D:13     | You are sucked into a shaft and drop 2 floors!
 17092 | D:15     | Entered Level 15 of the Dungeon
 17175 | D:15     | Reached XP level 17. HP: 159/159 MP: 6/6
 17690 | D:14     | Identified Roxanne's Collected Works on Transmutation
 17690 | D:14     | Noticed Roxanne
 17768 | D:14     | Found a sparkling altar of Nemelex Xobeh.
 17916 | D:13     | Found Fyedyoruloo's Specialty Armours.
 18052 | D:13     | Found a gate to the Vaults.
 18064 | Vaults:1 | Entered Level 1 of the Vaults
 18266 | Vaults:1 | Reached skill level 19 in Axes
 18929 | Vaults:4 | Gained mutation: You passively map a large area around you.
                  | [Deep Dwarf growth]
 18929 | Vaults:4 | Reached XP level 18. HP: 170/170 MP: 8/8
 19023 | Vaults:4 | Noticed Mennas
 19148 | Vaults:4 | Killed Mennas
 19514 | Vaults:4 | Reached skill level 15 in Armour
 19592 | Vaults:4 | Reached skill level 15 in Shields
 19630 | Vaults:5 | Entered Level 5 of the Vaults
 19652 | Vaults:5 | Reached skill level 20 in Axes
 19669 | Vaults:5 | Reached skill level 15 in Invocations
 19707 | Vaults:5 | Noticed a tentacled monstrosity
 19721 | Vaults:5 | Noticed a golden dragon
 19726 | Vaults:5 | Killed a tentacled monstrosity
 19742 | Vaults:5 | Noticed an ancient lich
 19744 | Vaults:5 | Killed a golden dragon
 19753 | Vaults:5 | Noticed a Hell Sentinel
 19753 | Vaults:5 | Noticed an ancient lich
 19759 | Vaults:5 | Noticed a lich
 19823 | Vaults:5 | Reached XP level 19. HP: 167/180 MP: 10/10
 19862 | Vaults:5 | Reached skill level 21 in Axes
 19921 | Vaults:5 | Killed an ancient lich
 19946 | Vaults:5 | Noticed a golden dragon
 19947 | Vaults:5 | Killed an ancient lich
 19968 | Vaults:5 | Killed a golden dragon
 20095 | Vaults:5 | Reached skill level 22 in Axes
 20142 | Vaults:5 | Noticed an ancient lich
 20167 | Vaults:5 | Killed an ancient lich
 20184 | Vaults:5 | Reached XP level 20. HP: 162/192 MP: 11/11
 20403 | Vaults:5 | Identified the ring "Dezi" {Str+4 Int-2 Stlth+}
 20633 | Vaults:5 | Got a silver rune of Zot
 20776 | Vaults:5 | Identified the +2 pair of gloves "Kuron" {Int+4} (You found
                  | it on level 5 of the Vaults)
 21126 | D:15     | Found a staircase to the Depths.
 21130 | Depths:1 | Entered Level 1 of the Depths
 21154 | Depths:1 | Reached skill level 15 in Fighting
 21236 | Depths:1 | Reached skill level 23 in Axes
 21277 | Depths:1 | Found a runed translucent door.
 21499 | Depths:3 | Found a gateway to Hell.
 21524 | Depths:3 | Reached XP level 21. HP: 185/202 MP: 11/11
 21548 | Depths:3 | Found a one-way gate to the infinite horrors of the Abyss.
 21676 | Depths:3 | Found a transporter.
 21676 | Depths:3 | Identified the +7 demon whip "Atisk" {distort, rElec rN+
                  | Dex+4 SInv}
 21677 | Depths:3 | Found a transporter.
 21677 | Depths:3 | Noticed Fiahyu Evua's ghost (veteran MiBe)
 21684 | Depths:3 | Noticed an ancient lich
 21761 | Depths:3 | Found a one-way gate leading to the halls of Pandemonium.
 21899 | Depths:3 | Noticed a caustic shrike
 21906 | Depths:3 | Noticed a caustic shrike
 21922 | Depths:3 | Killed a caustic shrike
 21937 | Depths:3 | Paralysed by a floating eye for 3 turns
 21939 | Depths:3 | HP: 9/202 [caustic shrike (13)]
 21939 | Depths:3 | Hit by a large rock thrown by a stone giant

Levels and vault maps discovered:
D:1:      heliophobic_arrival_henge, layout_rooms
D:2:      layout_rooms, ashenzari_altar_1, lemuel_doored_altar
D:3:      layout_loops_corners, zin_academy
D:4:      layout_basic, first_ration, nicolae_ossuary_entry_catacombs
D:5:      layout_basic, kennysheep_little_box,
          chequers_temple_overflow_statue_of_worship, portal_sewer_entry_e
D:6:      layout_cave_pools, nicolae_overflow_crystal_walls, temple_fountains,
          serial_shops, shop, uniq_prince_ribbit1, uniq_pikel, uniq_edmund
D:7:      layout_rooms
D:8:      layout_basic, vehumet_crystals, xom_redecorated
D:9:      layout_basic, minitemple, orc_0_dummy, minivault_16, uniq_erica,
          uniq_erolcha
D:10:     minmay_the_grid_octo_tiled_squarecenter [minmay_the_grid_octo_clover,
          minmay_the_grid_octo_toaster, minmay_the_grid_octo_pinwheel,
          minmay_the_grid_octo_77, minmay_the_grid_square_5x5_megaprize_open,
          minmay_the_grid_square_5x5_z, minmay_the_grid_square_5x5_pentomino_r,
          minmay_the_grid_square_5x5_inverted_slash,
          minmay_the_grid_square_5x5_beaten_path], layout_loops_ring,
          serial_shops, shop, hangedman_little_slice_of_home,
          nicolae_twisting_strands, sword_in_stone
D:11:     layout_basic, lair_entry_dummy
D:12:     layout_basic, uniq_jorgrun
D:13:     layout_small_grid, david_vaults_4, nicolae_barding_shop
D:14:     layout_cave_pools, lemuel_altar_in_water, uniq_roxanne
D:15:     grunt_enter_depths_snipers, layout_long_grid,
          minmay_misc_feat_nine_boxes, minivault_5, grunt_dithmenos_smoke
Temple:   dpeg_chambers_temple
Lair:1:   layout_cave_shapes, gammafunk_ghost_icy, portal_ice_cave_rime,
          beast_lair_carwin_1
Lair:2:   layout_loops_ring, elwin_shoals_entry_rocks, gauntlet_entry_generic
Lair:3:   layout_cave_shapes, minmay_stone_trees_small, uniq_urug
Lair:4:   layout_loops_ring, dummy_spider_entry, grunt_megastairs_4
Lair:5:   layout_regular_city, lemuel_fruit_fields, minmay_lair_oklob_chamber
Lair:6:   hangedman_lair_caniforms_friends, layout_regular_city,
          nicolae_slime_entry_slimehenge, gammafunk_ghost_cemetery,
          serial_bayou_shore_b, uniq_rupert
Shoals:1: layout_shoals, hangedman_shoal_volcano, uniq_nikola
Shoals:2: layout_shoals, yaktaur_hedge
Shoals:3: layout_shoals, nicolae_shoals_loop_pool, uniq_ilsuiw, uniq_polyphemus
Shoals:4: shoals_end_hangedman, layout_shoals, hangedman_feature_mirror
Spider:1: layout_chambers, drop_trap
Spider:2: layout_spider_delve, uniq_aizul
Spider:3: layout_spider_delve, drop_trap, uniq_azrael
Spider:4: johnstein_spider_rune_arachne_lair, hive_lemuel
Slime:1:  layout_caves
Vaults:1: vaults_dpeg_spiral, vaults_standard_mumra_x, hangedman_vaults_maws,
          ontoclasm_vaults_gallery, vaults_room_ringed_pool,
          nicolae_vaults_what_the_h, ontoclasm_vaults_ring_square,
          hangedman_vaults_hat, v_alt_pattern_2, dpeg_vaults_monster_box,
          layout_vaults_omnicross, uniq_asterion
Vaults:2: vaults_room_semicircle, blue_anna_dwarven_crypt,
          nicolae_vaults_little_squares_6, grunt_vaults_diagonal, v_misc_11,
          hangedman_vaults_nails, hangedman_vaults_trim,
          hangedman_vaults_stream, ontoclasm_vaults_shuriken,
          nicolae_vaults_little_squares_1, nicolae_vaults_three_branches,
          ontoclasm_vaults_gateway, layout_vaults_chaotic_city, serial_shops,
          nicolae_shop_trees
Vaults:3: vaults_mumra_minichess_inversion, v_misc_25,
          vaults_mumra_chevron_long, ontoclasm_vaults_decontamination,
          v_misc_25, layout_vaults_omnigrid
Vaults:4: hangedman_vaults_impose, ontoclasm_vaults_claustrophobia, v_misc_28,
          v_pattern_5, ontoclasm_vaults_hangar, v_misc_18, v_misc_13,
          vaults_mumra_hexcomb, nicolae_vaults_murderbox, vaults_mumra_lcd,
          v_misc_29, hangedman_vaults_stretched_pinwheel, vaults_room_pool,
          hangedman_vaults_trim, layout_vaults_ring, uniq_mennas, uniq_margery
Vaults:5
Depths:1: layout_cross, enter_ziggurat_f, gammafunk_ghost_cemetery,
          minmay_fountain_box, hangedman_coc_ice_floe,
          chequers_serial_rivers_micro_a, minmay_st_funbox, minivault_11,
          kennysheep_generic_room_11
Depths:2: grunt_profane_halls [grunt_profane_temple_coc,
          grunt_profane_temple_geh, grunt_profane_temple_tar,
          grunt_profane_temple_dis, grunt_profane_loot], abyss_entry, hell_entry
Depths:3: hangedman_arch_fort, layout_cave_pools,
          gammafunk_ghost_abyssal_escape, abyss_entry, minmay_misc_feat_plants,
          rand_demon_pan_entry_8, hell_entry, serial_bayou_shore_b,
          infiniplex_staircase_river, firewood_loft

Skill      XL: |  1  2  3  4  5  6  7  8  9 10 11 12 13 14 15 16 17 18 19 20 21 |
---------------+----------------------------------------------------------------+-----
Axes           | 3 4 5 6 8 10 11 12 13 15 16 17 18 19 20 22 23 | 23.7
Fighting       | 3 4 5 6 7 8 9 10 11 12 13 14 15 | 15.6
Shields        | 4 5 6 7 8 9 10 11 12 13 14 15 | 15.0
Armour         | 4 5 6 7 8 9 10 11 12 13 14 15 16 17 18 | 18.1
Dodging        | 4 7 9 11 12 13 14 | 14.0
Invocations    | 4 6 9 10 11 13 14 15 | 15.0

Action                   |  1- 3 |  4- 6 |  7- 9 | 10-12 | 13-15 | 16-18 | 19-21 || total
-------------------------+-------+-------+-------+-------+-------+-------+-------++-------
Melee: War axe           |    86 |   137 |    58 |       |       |       |       ||   281
       Hand axe          |       |       |   263 |   742 |  1325 |  1699 |       ||  4029
       Broad axe         |       |       |       |       |       |   141 |   882 ||  1023
Invok: Greater Servant o |       |       |       |       |     3 |     3 |     3 ||     9
       Lesser Servant of |       |       |       |       |       |     2 |       ||     2
 Abil: Heal Wounds       |     1 |     4 |    13 |    12 |    11 |    14 |    29 ||    84
Evoke: Wand              |       |       |       |     2 |       |       |       ||     2
       Lamp of fire      |       |       |       |       |       |       |     1 ||     1
  Use: Scroll            |       |       |    21 |     2 |    10 |    14 |     8 ||    55
       Potion            |       |       |     1 |     2 |     8 |       |     2 ||    13
 Stab: Invisible         |       |       |       |     6 |       |       |       ||     6
       Distracted        |       |       |       |       |     2 |     4 |       ||     6
       Petrified         |       |       |       |       |       |    13 |       ||    13
  Eat: Chunk             |       |     1 |    12 |    14 |    13 |    17 |     5 ||    62
       Ration            |       |       |       |     2 |     2 |       |     1 ||     5
Armor: Scale mail        |    52 |    41 |   116 |    15 |   500 |   313 |   246 ||  1283
       Chain mail        |       |       |    41 |    10 |       |       |       ||    51
       Plate armour      |       |       |       |   200 |       |       |       ||   200
Dodge: Dodged            |    30 |    47 |   118 |   158 |   739 |   396 |   333 ||  1821
Block: Kite shield       |    45 |    68 |   224 |   352 |  1264 |    38 |       ||  1991
       Tower shield      |       |       |       |       |       |  2012 |  1294 ||  3306

Table legend:
 A = Non-vault XP
 B = Vault XP
 C = Vault XP percentage of total XP
 D = Non-vault monster count
 E = Vault monster count
 F = Vault count percentage of total count
                 A         B        C        D         E       F
            +---------+---------+-------+---------+---------+-------
      Total |  317226 |  291441 |  47.9 |     865 |     417 |  32.5
            +---------+---------+-------+---------+---------+-------
        D:1 |      24 |       0 |   0.0 |      12 |       0 |   0.0
        D:2 |      81 |       0 |   0.0 |      21 |       0 |   0.0
        D:3 |     135 |       0 |   0.0 |      33 |       0 |   0.0
        D:4 |     125 |     119 |  48.8 |       6 |       6 |  50.0
        D:5 |     939 |       0 |   0.0 |      24 |       0 |   0.0
        D:6 |     770 |    1081 |  58.4 |      26 |       3 |  10.3
        D:7 |     598 |       0 |   0.0 |       8 |       0 |   0.0
        D:8 |     357 |       0 |   0.0 |      12 |       0 |   0.0
        D:9 |    2719 |    1935 |  41.6 |      42 |       2 |   4.5
       D:10 |    2158 |    4463 |  67.4 |      17 |      20 |  54.1
       D:11 |     755 |       0 |   0.0 |       9 |       0 |   0.0
       D:12 |    1157 |       0 |   0.0 |       3 |       0 |   0.0
       D:13 |    6062 |    3157 |  34.2 |      27 |       6 |  18.2
       D:14 |    8816 |       0 |   0.0 |      36 |       0 |   0.0
       D:15 |    9427 |    1469 |  13.5 |      31 |       2 |   6.1
     Lair:1 |    4667 |    3672 |  44.0 |      19 |      17 |  47.2
     Lair:2 |    3576 |       0 |   0.0 |      14 |       0 |   0.0
     Lair:3 |    5981 |       0 |   0.0 |      24 |       0 |   0.0
     Lair:4 |    4942 |    1360 |  21.6 |      25 |       5 |  16.7
     Lair:5 |    2304 |     752 |  24.6 |       9 |       2 |  18.2
     Lair:6 |    7529 |   15675 |  67.6 |      28 |      63 |  69.2
   Shoals:1 |    3931 |    3430 |  46.6 |       7 |       2 |  22.2
   Shoals:2 |    3667 |       0 |   0.0 |       6 |       0 |   0.0
   Shoals:3 |   10201 |   12267 |  54.6 |      18 |      12 |  40.0
   Shoals:4 |   10831 |   21478 |  66.5 |      22 |      30 |  57.7
   Spider:1 |    2855 |       0 |   0.0 |       8 |       0 |   0.0
   Spider:2 |   21571 |    1698 |   7.3 |      69 |       1 |   1.4
   Spider:3 |   12976 |    2402 |  15.6 |      35 |       7 |  16.7
   Spider:4 |   10163 |   15931 |  61.1 |      28 |      41 |  59.4
   Vaults:1 |   24692 |   19525 |  44.2 |      42 |      25 |  37.3
   Vaults:2 |    4806 |    6586 |  57.8 |       7 |      13 |  65.0
   Vaults:3 |    2140 |       0 |   0.0 |       7 |       0 |   0.0
   Vaults:4 |   19274 |   10998 |  36.3 |      34 |       9 |  20.9
   Vaults:5 |   57107 |  141135 |  71.2 |      76 |      88 |  53.7
   Depths:1 |   17126 |     854 |   4.7 |      27 |       1 |   3.6
   Depths:2 |       0 |    6691 | 100.0 |       0 |       7 | 100.0
   Depths:3 |   52764 |    9276 |  15.0 |      53 |       8 |  13.1
      Sewer |       0 |     161 | 100.0 |       0 |       6 | 100.0
    Ossuary |       0 |     245 | 100.0 |       0 |      27 | 100.0
   Gauntlet |       0 |    5081 | 100.0 |       0 |      14 | 100.0
            +---------+---------+-------+---------+---------+-------
